 Dungeon Crawl Stone Soup version 0.19.1 (webtiles) character file.

100 Monsterracer the Chopper (level 4, 0/41 HPs)
             Began as a Minotaur Berserker on Nov 24, 2016.
             Was a Believer of Trog.
             Slain by an orc
             ... wielding a +0 mace
              (3 damage)
             ... on level 3 of the Dungeon.
             The game lasted 00:03:16 (1754 turns).

Monsterracer the Chopper (Minotaur Berserker)       Turns: 1754, Time: 00:03:17

Health: 0/41       AC:  4    Str: 21    XL:     4   Next: 46%
Magic:  3/3        EV: 12    Int:  4    God:    Trog [**....]
Gold:   172        SH:  0    Dex: 11    Spells: 0 memorised, 3 levels left

rFire  . . .     SeeInvis .     a - +0 hand axe
rCold  . . .     Gourm    .     b - +0 animal skin
rNeg   . . .     Faith    .     (no shield)
rPois  .         Spirit   .     (helmet restricted)
rElec  .         Reflect  .     (no cloak)
rCorr  .         Harm     .     (no gloves)
MR     .....     Rnd*Tele +     e - +1 pair of boots
Stlth  +.........               d - amulet of inaccuracy (curse)
                                (no ring)
                                (no ring)

@: no status effects
A: retaliatory headbutt, horns 2, teleportitis 1, evolution 1
a: Berserk, Trog's Hand, Burn Spellbooks, Renounce Religion


You were on level 3 of the Dungeon.
You worshipped Trog.
Trog was pleased with you.
You were not hungry.

You visited 1 branch of the dungeon, and saw 3 of its levels.

You collected 172 gold pieces.

Inventory:

Hand Weapons
 a - a +0 hand axe (weapon)
Armour
 b - a +0 animal skin (worn)
 e - a +1 pair of boots (worn)
Jewellery
 d - a cursed amulet of inaccuracy (around neck)
Scrolls
 h - a scroll of enchant armour
 i - a scroll of identify
Potions
 g - a potion of brilliance
Comestibles
 c - 2 bread rations
 f - 6 fruits
 j - a chunk of flesh


   Skills:
 + Level 4.3 Fighting
 * Level 5.0 Axes
 + Level 3.9 Armour
 - Level 2.1 Dodging


You had 3 spell levels left.
You didn't know any spells.

Dungeon Overview and Level Annotations

Branches:
Dungeon (3/15)

Altars:
Ashenzari
Vehumet


Innate Abilities, Weirdness & Mutations

You reflexively headbutt those who attack you in melee.
You have a pair of horns on your head.
You are occasionally teleported next to monsters.
You evolve.


Message History

You kill the goblin!
Trog accepts your kill.
You hit the orc but do no damage. The orc hits you with a mace.
You hit the orc but do no damage. The orc hits you with a mace.
You barely miss the orc. Your headbutt misses the orc.
The orc hits you with a mace.
You closely miss the orc. The orc hits you with a mace.
* * * LOW HITPOINT WARNING * * *
You are too injured to fight recklessly!
You are too injured to fight recklessly!
You closely miss the orc. The orc hits you but does no damage.
You closely miss the orc. Your headbutt misses the orc.
The orc hits you with a mace.
* * * LOW HITPOINT WARNING * * *
You barely miss the orc. The orc hits you with a mace.
* * * LOW HITPOINT WARNING * * *
You hit the orc but do no damage. You closely miss the orc.
Your headbutt misses the orc. The orc hits you with a mace.
You die...

.......#.#>#
#.†.######.##
.......^...###...# ..
.......#...##....# #
....####...##..#.#
....####...##..#.#
...........##..#.#
...###..#..##..#.#######
...###.###.##.......>...
.####.## ##.#.##@######
.......###..#.##)o#
#####...#.#.#. ##.#
#....#.##.#. ..
#.##.#.##.## .#.
#.##.#.##.# .##.
#.##.#.##.# .# .#
#.##.#.##.# .. #
###.##.#.##.#


You could see an orc.

Vanquished Creatures
  An orc priest (D:3)
  An adder (D:2)
  A worm (D:3)
  2 dart slugs (D:1)
  2 leopard geckos
  4 orcs (D:3)
  3 ball pythons
  8 bats
  2 giant cockroaches
  5 goblins
  6 hobgoblins
  A quokka (D:3)
  5 frilled lizards
  3 kobolds
  4 rats
48 creatures vanquished.

Notes
Turn   | Place    | Note
-------+----------+-------------------------------------------
     0 | D:1      | Monsterracer the Minotaur Berserker began the quest for the Orb.
     0 | D:1      | Reached XP level 1. HP: 19/19 MP: 0/0
   106 | D:1      | Reached XP level 2. HP: 18/27 MP: 1/1
   108 | D:1      | Reached skill level 4 in Axes
   579 | D:2      | Reached ** piety under Trog
   584 | D:2      | Reached XP level 3. HP: 33/33 MP: 2/2
   605 | D:2      | Found a faded altar of an unknown god.
   645 | D:2      | Gained mutation: You evolve. [potion of mutation]
   645 | D:2      | Gained mutation: You are occasionally teleported next to monsters. [potion of mutation]
  1083 | D:3      | Found a shattered altar of Ashenzari.
  1102 | D:3      | Found a radiant altar of Vehumet.
  1593 | D:3      | Reached XP level 4. HP: 37/40 MP: 3/3
  1598 | D:3      | Reached skill level 5 in Axes
  1754 | D:3      | Slain by an orc

Skill      XL: |  1  2  3  4 |
---------------+-------------+-----
Axes           | 4 5 |  5.0
Fighting       | 4 |  4.3
Armour         | 3 |  3.9
Dodging        | |  2.1

Action                   |  1- 3 |  4- 6 || total
-------------------------+-------+-------++-------
Melee: Hand axe          |   113 |    25 ||   138
       Headbutt          |    12 |     1 ||    13
Invok: Berserk           |     2 |       ||     2
  Use: Scroll            |     6 |       ||     6
       Potion            |     6 |       ||     6
  Eat: Chunk             |     3 |     2 ||     5
Armor: Animal skin       |    25 |     2 ||    27
       Skin              |    20 |       ||    20
Dodge: Dodged            |    73 |    12 ||    85
